 Dungeon Crawl Stone Soup version 0.25-a0-36-g303dd5b1f4 (webtiles) character file.

Game seed: 526718295159853425, levelgen mode: deterministic

166 Fingolfin the Conjurer (level 5, -9/42 HPs)
             Began as a Naga Wizard on Oct 20, 2019.
             Mangled by an ogre
             ... wielding a +0 giant club
              (15 damage)
             ... on level 4 of the Dungeon.
             The game lasted 00:08:03 (3176 turns).

Fingolfin the Conjurer (Naga Wizard)                Turns: 3176, Time: 00:08:04

Health: -9/42      AC:  9    Str:  9    XL:     5   Next: 47%
Magic:  6/10       EV:  6    Int: 20    God:
Gold:   129        SH:  2    Dex:  9    Spells: 2/11 levels left

rFire    . . .     SeeInvis +   g - +0 short sword (curse)
rCold    . . .     Gourm    .   n - +0 buckler
rNeg     + . .     Faith    .   t - +0 leather armour
rPois    +         Spirit   .   b - +0 hat
rElec    .         Reflect  .   c - +0 cloak
rCorr    .         Harm     .   (no gloves)
MR       .....                  i - +1 naga barding
Stlth    ++........             (no amulet)
HPRegen  0.14/turn              r - ring of wizardry
MPRegen  0.12/turn              p - ring of positive energy

@: very slow
A: large, see invisible, deformed body, poison resistance, slowness 2, slow
metabolism 1, spit poison 1, AC +1
a: Spit Poison


You were on level 4 of the Dungeon.
You were hungry.

You visited 1 branch of the dungeon, and saw 4 of its levels.

You collected 129 gold pieces.

Inventory:

Hand Weapons
 g - a cursed +0 short sword (weapon)
 k - a +0 spear
 s - a +3 flail of venom
Armour
 b - a +0 hat (worn)
 c - a +0 cloak (worn)
 i - a +1 naga barding (worn)
 n - a +0 buckler (worn)
 t - a +0 leather armour (worn)
Jewellery
 p - a ring of positive energy (right hand)
 r - a ring of wizardry (left hand)
Scrolls
 a - 2 scrolls of fog {unknown}
 h - a scroll of noise
 l - 2 scrolls of fear
 m - a scroll of magic mapping {unknown}
 o - a scroll of amnesia {unknown}
 q - a scroll of teleportation {unknown}
Potions
 e - 3 potions of invisibility
 f - a potion of flight {unknown}
 j - a potion of haste {unknown}
Comestibles
 d - 4 rations


   Skills:
 - Level 1.5 Dodging
 - Level 3.0 Stealth
 - Level 3.5 Spellcasting
 + Level 3.8 Conjurations
   Level 1.0 Summonings
 + Level 1.6 Translocations
 + Level 1.0 Fire Magic
 + Level 1.0 Air Magic
 + Level 1.2 Poison Magic


You had 2 spell levels left.
You knew the following spells:

 Your Spells              Type           Power        Failure   Level  Hunger
a - Magic Dart            Conj           ###.         2%          1    None
b - Blink                 Tloc           N/A          10%         2    ##.....
c - Conjure Flame         Conj/Fire      ##......     14%         3    ###....
d - Mephitic Cloud        Conj/Pois/Air  ##......     16%         3    ###....

Your spell library contained the following spells:

 Spells                   Type           Power        Failure   Level  Hunger
 Apportation              Tloc           ##....       6%          1    None
 Summon Small Mammal      Summ           #...         9%          1    None
 Animate Skeleton         Necr           N/A          13%         1    None
 Confusing Touch          Hex            #.....       13%         1    None
 Call Imp                 Summ           #.......     13%         2    ##.....
 Slow                     Hex            #.......     19%         2    ##.....


Dungeon Overview and Level Annotations

Branches:
Dungeon (4/15)
 Temple: D:4-7

Altars:
Cheibriados


Innate Abilities, Weirdness & Mutations

You cannot wear boots.
Your serpentine skin is tough. (AC +1)
You have supernaturally acute eyesight. (SInv)
Armour fits poorly on your strangely shaped body.
Your system is resistant to poisons. (rPois)
You cover ground very slowly.
You have a slow metabolism.
You can spit poison.


Message History

An ogre comes into view. It is wielding a +0 giant club.
The ogre hits you with a +0 giant club!
Things that are here:
a +3 flail of venom; a gnoll corpse
Casting: Magic Dart (safe; 2% risk of failure)
Confirm with . or Enter, or press ? or * to list all spells.
Aiming: Mephitic Cloud (safe; 16% risk of failure)
Press: ? - help, Shift-Dir - straight line, f - ogre
Aim: an ogre, wielding a +0 giant club The ball explodes into a vile cloud!
The stinking cloud engulfs the ogre but does no damage.
The stinking cloud engulfs you but does no damage.
You hear a shout! x3
The ogre is engulfed in noxious fumes.
The ogre hits you with a +0 giant club!!
* * * LOW HITPOINT WARNING * * *
s - a +3 flail of venom The ogre is engulfed in noxious fumes.
The ogre appears confused.
The ogre hits you with a +0 giant club!
You die...

### #..## #.. ...#.
### #.# #...
#...##.#### #..# .
#.....<...# #..# ..
#...##.##.###..###...
## #....@O○........
#...#.☼☼☼.....#
.....#..####..##.#
####....# #..# ##.#.#
#..# #.#.# #..# #.#.#
#..# #..>. .... ..
....


You could see an ogre (confused).

Vanquished Creatures
  An orc wizard (D:2)
  5 gnolls
  An adder (D:3)
  3 oozes
  A worm (D:3)
  2 dart slugs
  2 leopard geckos
  3 orcs (D:2)
  A ball python (D:3)
  6 bats
  3 giant cockroaches
  7 goblins
  2 hobgoblins (D:1)
  A jackal (D:2)
  A quokka (D:3)
  8 frilled lizards
  10 kobolds
  A leopard gecko skeleton (D:4)
  5 rats
63 creatures vanquished.

Notes
Turn   | Place    | Note
-------+----------+-------------------------------------------
     0 | D:1      | Fingolfin the Naga Wizard began the quest for the Orb.
     0 | D:1      | Reached XP level 1. HP: 15/15 MP: 4/4
   172 | D:1      | Reached XP level 2. HP: 22/22 MP: 6/6
   176 | D:1      | Learned a level 2 spell: Blink
   925 | D:2      | Reached XP level 3. HP: 27/28 MP: 1/8
  1219 | D:2      | Reached XP level 4. HP: 24/36 MP: 1/9
  1663 | D:2      | Learned a level 3 spell: Conjure Flame
  1667 | D:2      | Learned a level 3 spell: Mephitic Cloud
  1861 | D:2      | Found a snail-covered altar of Cheibriados.
  2222 | D:3      | Reached XP level 5. HP: 42/42 MP: 5/10
  2228 | D:3      | Reached skill level 1 in Poison Magic
  3171 | D:4      | Reached skill level 1 in Fire Magic
  3171 | D:4      | Reached skill level 1 in Air Magic
  3173 | D:4      | Noticed an ogre
  3176 | D:4      | Mangled by an ogre

Levels and vault maps discovered:
D:1:      saegor_arrival_under_anarchy, layout_basic, minmay_strange_pillars
D:2:      minmay_general_purpose_star, layout_basic, kennysheep_slug_shrine,
          first_ration, chequers_serial_rivers_room_a
D:3:      layout_loops_corners, roderic_roman_lattice
D:4:      layout_loops_ring, chequers_temple_overflow_statue_of_worship,
          serial_shops, nicolae_shop_statue_plus, minmay_cut_off, uniq_eustachio

Skill      XL: |  1  2  3  4  5 |
---------------+----------------+-----
Conjurations   | 2 3 |  3.8
Poison Magic   | 1 |  1.2
Fire Magic     | 1 |  1.0
Air Magic      | 1 |  1.0
Dodging        | |  1.5
Stealth        | |  3.0
Spellcasting   | |  3.5
Summonings     | |  1.0
Translocations | |  1.6

Action                   |  1- 3 |  4- 6 || total
-------------------------+-------+-------++-------
Melee: Unarmed           |     4 |       ||     4
       Dagger            |     2 |     7 ||     9
 Cast: Magic Dart        |    47 |    56 ||   103
       Mephitic Cloud    |       |     2 ||     2
 Abil: Spit Poison       |    20 |    20 ||    40
  Use: Scroll            |       |     5 ||     5
 Stab: Sleeping          |       |     2 ||     2
  Eat: Chunk             |     1 |     6 ||     7
Armor: Robe              |     6 |     2 ||     8
       Leather armour    |       |    13 ||    13
Dodge: Dodged            |     7 |     6 ||    13
Block: Buckler           |       |     4 ||     4

Table legend:
 A = Non-vault XP
 B = Vault XP
 C = Vault XP percentage of total XP
 D = Non-vault monster count
 E = Vault monster count
 F = Vault count percentage of total count
                 A         B        C        D         E       F
            +---------+---------+-------+---------+---------+-------
      Total |     227 |      11 |   4.6 |      57 |       6 |   9.5
            +---------+---------+-------+---------+---------+-------
        D:1 |      27 |       0 |   0.0 |      13 |       0 |   0.0
        D:2 |      88 |      11 |  11.1 |      21 |       6 |  22.2
        D:3 |      97 |       0 |   0.0 |      21 |       0 |   0.0
        D:4 |      15 |       0 |   0.0 |       2 |       0 |   0.0
            +---------+---------+-------+---------+---------+-------
